 Dungeon Crawl Stone Soup version 0.27.1 (webtiles) character file.

Game seed: 11554717660866749514

86 Gwenloh the Skirmisher (level 4, -2/40 HPs)
             Began as a Draconian Fighter on Sept 4, 2021.
             Slain by a gnoll (7 damage)
             ... on level 3 of the Dungeon.
             The game lasted 00:02:45 (2032 turns).

Gwenloh the Skirmisher (Draconian Fighter)          Turns: 2032, Time: 00:02:45

Health: -2/40      AC:  5    Str: 18    XL:     4   Next: 27%
Magic:  4/4        EV: 10    Int:  8    God:
Gold:   82         SH:  9    Dex: 12    Spells: 3/3 levels left

rFire    . . .     SeeInvis .   a - +0 flail
rCold    . . .     Faith    .   h - +0 kite shield
rNeg     . . .     Spirit   .   (armour unavailable)
rPois    .         Reflect  .   (helmet restricted)
rElec    .         Harm     .   (no cloak)
rCorr    .         Rampage  .   (no gloves)
Will     .....                  (no boots)
Stlth    +.........             (no amulet)
HPRegen  0.13/turn              (no ring)
MPRegen  0.09/turn              (no ring)

@: no status effects
A: AC +5, unfitting armour, cold-blooded
a: no special abilities


You were on level 3 of the Dungeon.
You visited 1 branch of the dungeon, and saw 3 of its levels.

You collected 82 gold pieces.

Inventory:

Hand Weapons
 a - a +0 flail (weapon)
 b - a +0 hunting sling
Missiles
 g - 21 sling bullets
 j - 8 stones
Armour
 h - a +0 kite shield (worn)
Scrolls
 d - a scroll of blinking {unknown}
 e - 2 scrolls of teleportation {unknown}
 f - 5 scrolls of identify {unknown}
Potions
 c - a potion of might
 i - a potion of curing {unknown}


   Skills:
 + Level 3.9 Fighting
 * Level 3.2 Maces & Flails
 + Level 3.1 Dodging
 + Level 3.5 Shields


You had 3 spell levels left.
You didn't know any spells.
Your spell library was empty.

Dungeon Overview and Level Annotations

Branches:
Dungeon (3/15)

Altars:


Innate Abilities, Weirdness & Mutations

Your plain brown scales are hard. (AC +5)
You cannot fit into any form of body armour.
You are cold-blooded and may be slowed by cold attacks.


Message History

The gnoll hits you but does no damage.
You barely miss the gnoll.
Your tail-slap misses the gnoll.
The gnoll is severely wounded.
The gnoll hits you with a +0 club. The gnoll hits you but does no damage.
You hit the gnoll.
Your tail-slap misses the gnoll.
The gnoll is almost dead.
The gnoll hits you with a +0 club.
You hit the gnoll.
You kill the gnoll!
You have reached level 4!
You feel agile.
You sock the gnoll!
You kill the gnoll!
The gnoll closely misses you.
Things that are here:
a +0 whip; a gnoll corpse You barely miss the gnoll.
The gnoll is lightly wounded.
You block the gnoll's attack. The gnoll barely misses you.
You hit the gnoll.
The gnoll is moderately wounded.
You block the gnoll's attack.
You hit the gnoll.
The gnoll is severely wounded.
The gnoll hits you with a +0 spear. x2
You hit the gnoll.
The gnoll is almost dead.
You block the gnoll's attack.
Your shield prevents you from hitting the gnoll.
The gnoll is almost dead.
The gnoll hits you but does no damage. The gnoll closely misses you.
Your shield prevents you from hitting the gnoll.
The gnoll is almost dead.
The gnoll hits you with a +0 spear!
You barely miss the gnoll.
The gnoll is almost dead.
The gnoll hits you with a +0 spear!
* * * LOW HITPOINT WARNING * * *
The gnoll hits you with a +0 spear!
You die...

########## #....@g..#
#.#.######.# #.#.#....#.#
#.#.#.#..#)#
#.#.#.#.†#.##
#.#.#.#.....#
#.#.#.#..#).#
#######.#)#.#..#..#
..................(.((.(.


You could see a gnoll.

Vanquished Creatures
  Terence (D:2)
  3 gnolls (D:3)
  5 ball pythons
  2 endoplasms (D:1)
  A giant cockroach (D:1)
  3 goblins
  A hobgoblin (D:3)
  3 quokkas (D:1)
  5 bats
  3 frilled lizards
  3 kobolds
  2 rats (D:1)
32 creatures vanquished.

Notes
Turn   | Place    | Note
-------+----------+-------------------------------------------
     0 | D:1      | Gwenloh the Draconian Fighter began the quest for the Orb.
     0 | D:1      | Reached XP level 1. HP: 19/19 MP: 1/1
   550 | D:1      | Reached XP level 2. HP: 26/26 MP: 2/2
  1460 | D:2      | Noticed Terence
  1464 | D:2      | Killed Terence
  1465 | D:2      | Reached XP level 3. HP: 33/33 MP: 3/3
  2019 | D:3      | Reached XP level 4. HP: 28/40 MP: 4/4
  2032 | D:3      | Slain by a gnoll

Illustrated notes

Levels and vault maps discovered:
D:1:      amcnicky_arrival_blooded_trapdoor, layout_basic, kennysheep_doodads
D:2:      layout_rooms, uniq_terence
D:3:      layout_basic, demons_altar, gammafunk_ghost_split,
          grunt_ministairs_14, uniq_crazy_yiuf_cottage

Skill      XL: |  1  2  3 |
---------------+----------+-----
Dodging        | 3 |  3.1
Maces & Flails | 3 |  3.2
Fighting       | |  3.9
Shields        | |  3.5

Action                   |  1- 3 |  4- 6 || total
-------------------------+-------+-------++-------
Melee: Flail             |    77 |     8 ||    85
       Tailslap          |     4 |       ||     4
 Fire: Hunting sling     |    43 |       ||    43
Armor: Skin              |    42 |     1 ||    43
Dodge: Dodged            |    50 |     3 ||    53
Block: Kite shield       |    63 |     3 ||    66
